 Dungeon Crawl Stone Soup version 0.21.0-3-g78d12a8 (webtiles) character file.

443 Suckerboh the Magician (level 6, -6/32 HPs)
             Began as a Deep Elf Fire Elementalist on Jan 14, 2018.
             Mangled by an orc
             ... wielding a +0 flail
              (8 damage)
             ... on level 4 of the Dungeon.
             The game lasted 00:06:51 (3612 turns).

Suckerboh the Magician (Deep Elf Fire Elementalist) Turns: 3612, Time: 00:06:52

Health: -6/32      AC:  3    Str:  5    XL:     6   Next: 71%
Magic:  10/16      EV:  8    Int: 22    God:
Gold:   157        SH:  0    Dex: 15    Spells: 8/16 levels left

rFire    . . .     SeeInvis .   (no weapon)
rCold    . . .     Gourm    .   (no shield)
rNeg     . . .     Faith    .   j - +0 robe (curse)
rPois    .         Spirit   .   (no helmet)
rElec    .         Reflect  .   (no cloak)
rCorr    .         Harm     .   (no gloves)
MR       .....                  o - +0 pair of boots {Stlth+}
Stlth    +++.......             (no amulet)
HPRegen  0.10/turn              n - +2 ring of evasion
MPRegen  0.15/turn              q - ring of flight

@: held
A: no striking features
a: Evoke Flight


You were on level 4 of the Dungeon.
You were not hungry.

You visited 1 branch of the dungeon, and saw 4 of its levels.

You collected 157 gold pieces.

Inventory:

Armour
 j - a cursed +0 robe (worn)
 o - a +0 pair of boots of stealth (worn)
Jewellery
 k - an uncursed amulet of guardian spirit {unknown}
 n - a +2 ring of evasion (left hand)
 q - a ring of flight (right hand)
Scrolls
 a - a scroll of magic mapping {unknown}
 b - 2 scrolls of teleportation {unknown}
 d - 2 scrolls of identify {unknown}
 e - a scroll of remove curse {unknown}
 i - a scroll of enchant armour {unknown}
 l - a scroll of blinking {unknown}
 m - a scroll of noise {unknown}
 p - a scroll of random uselessness {unknown}
Potions
 f - a potion of lignification {unknown}
 g - a potion of degeneration {unknown}
 h - a potion of agility {unknown}
 s - 2 potions of curing {unknown}
Books
 r - a book of Flames

   Spells                             Type                      Level
   a - Flame Tongue                   Conjuration/Fire             1
   b - Throw Flame                    Conjuration/Fire             2
   c - Conjure Flame                  Conjuration/Fire             3
   d - Inner Flame                    Hexes/Fire                   3
   e - Sticky Flame                   Conjuration/Fire             4
   f - Fireball                       Conjuration/Fire             5
Comestibles
 c - 7 rations


   Skills:
 + Level 3.3 Dodging
 - Level 2.4 Stealth
 + Level 5.9 Spellcasting
 * Level 4.4 Conjurations
 + Level 5.2 Fire Magic


You had 8 spell levels left.
You knew the following spells:

 Your Spells              Type           Power        Failure   Level  Hunger
a - Flame Tongue          Conj/Fire      ####.        1%          1    None
b - Conjure Flame         Conj/Fire      ####....     3%          3    #......
c - Sticky Flame          Conj/Fire      ####....     13%         4    ###....


Dungeon Overview and Level Annotations

Branches:
Dungeon (4/15)
 Temple: D:4-7

Altars:
Qazlal


Message History

You kill the gnoll!
The gnoll hits you but does no damage.
The gnoll throws a throwing net.
The throwing net hits you.
You become entangled in the net!
You stop ascending the stairs.
The gnoll hits you with a whip. The leopard gecko bites you.
Unknown command.
Unknown command.
Unknown command.
You struggle against the net.
The gnoll barely misses you. The leopard gecko bites you.
You struggle against the net.
The gnoll hits you. The gnoll hits you with a whip!
* * * LOW HITPOINT WARNING * * *
The leopard gecko barely misses you.
You struggle against the net.
The leopard gecko bites you but does no damage.
The gnoll hits you.
* * * LOW HITPOINT WARNING * * *
The gnoll closely misses you. The orc hits you with a flail!
You die...

#### #######
....##.)...##
........)..[##
>............#
...........[.#
......gg.....#
?.....l@.....#
.......o.....#
.............#
............##
.>..##....o##
#### #####.#
o. ...


You could see an orc wizard, 2 gnolls, 2 orcs and a leopard gecko.

Vanquished Creatures
  Grinder (D:3)
  2 orc priests (D:3)
  An orc wizard (D:3)
  5 adders
  2 gnolls (D:4)
  2 worms (D:3)
  2 dart slugs
  2 leopard geckos
  2 orcs (D:3)
  A ball python (D:2)
  4 giant cockroaches
  8 hobgoblins
  2 jackals (D:2)
  A quokka (D:2)
  16 bats
  2 frilled lizards
  7 goblins
  12 kobolds
  10 rats
82 creatures vanquished.

Notes
Turn   | Place    | Note
-------+----------+-------------------------------------------
     0 | D:1      | Suckerboh the Deep Elf Fire Elementalist began the quest for the Orb.
     0 | D:1      | Reached XP level 1. HP: 10/10 MP: 6/6
   200 | D:1      | Reached XP level 2. HP: 12/15 MP: 6/8
   817 | D:1      | Reached XP level 3. HP: 13/19 MP: 2/9
  1516 | D:2      | Reached XP level 4. HP: 22/24 MP: 5/11
  1531 | D:2      | Found a stormy altar of Qazlal.
  2282 | D:3      | Noticed Grinder
  2343 | D:1      | Learned a level 3 spell: Conjure Flame
  2348 | D:1      | Learned a level 4 spell: Sticky Flame
  3102 | D:3      | Killed Grinder
  3102 | D:3      | Reached skill level 5 in Spellcasting
  3102 | D:3      | Reached skill level 5 in Fire Magic
  3102 | D:3      | Reached XP level 5. HP: 15/28 MP: 2/14
  3102 | D:3      | Reached XP level 6. HP: 17/32 MP: 2/16
  3612 | D:4      | Mangled by an orc

Skill      XL: |  1  2  3  4  5  6 |
---------------+-------------------+-----
Fire Magic     | 4 5 |  5.2
Conjurations   | 2 4 |  4.4
Spellcasting   | 5 |  5.9
Dodging        | 3 |  3.3
Stealth        | |  2.4

Action                   |  1- 3 |  4- 6 || total
-------------------------+-------+-------++-------
Melee: Unarmed           |     3 |     2 ||     5
 Cast: Flame Tongue      |    81 |    91 ||   172
       Sticky Flame      |       |     3 ||     3
  Eat: Chunk             |     2 |     6 ||     8
Armor: Robe              |    10 |     9 ||    19
Dodge: Dodged            |    42 |    42 ||    84
